Map: [ESL] Tropical Sacrifice

Players

PattyMac - Winner!

  • Race: Protoss Protoss
  • Spawn Location: 1:00

HydraulixxD

  • Race: Terran Terran
  • Spawn Location: 7:00

Event: DreamHack SC2 Masters 2022 Valencia

VOD

Have the link to the VOD?

Description

Time

  • Played on: July 1, 2022, 1:48 p.m.
  • Length: 4:25

All games in this series

Show
View Real Time Build Order
Export as new Build Order

PattyMac Protoss - Winner!

Build Orders: 1 Gate Expand 

Get SALT Encoding   

  12  0:00  Probe  
  13  0:13  Probe  
  14  0:17  Pylon  
  14  0:25  Probe (Chrono Boost)  
  15  0:37  Probe (Chrono Boost), Gateway  
  16  0:44  Probe (Chrono Boost)  
  16  0:46  Assimilator  
  17  0:51  Probe  
  18  1:03  Probe  
  19  1:15  Probe  
  20  1:24  Cybernetics Core  
  20  1:36  Nexus  
  20  1:42  Probe  
  21  1:47  Pylon  
  22  1:57  Assimilator  
  22  2:00  Stalker (Chrono Boost)  
  23  2:12  Warp Gate  
  22  2:21  Stalker (Chrono Boost)  
  21  2:25  Probe  
  24  2:37  Probe  
  24  2:42  Shield Battery  
  25  2:49  Stalker (Chrono Boost)  
  23  2:59  Probe  
  24  3:15  Stalker  
  24  3:20  Probe (Chrono Boost)  
  24  3:25  Probe (Chrono Boost)  
  26  3:31  Probe (Chrono Boost)  
  28  3:35  Probe (Chrono Boost)  
  28  3:37  Probe (Chrono Boost)  
  29  3:46  Probe  
  30  3:51  Probe  
  31  3:58  Probe  
  31  4:01  Stalker  
  34  4:09  Probe  
  35  4:10  Gateway  
  35  4:14  Probe (Chrono Boost)  
  37  4:24  Pylon  
Show
View Real Time Build Order
Export as new Build Order

HydraulixxD Terran 

Build Orders:  

Get SALT Encoding   

  12  0:00  SCV  
  13  0:12  SCV  
  14  0:19  Supply Depot  
  14  0:42  Barracks  
  14  0:47  Refinery  
  14  0:56  Barracks  
  14  1:02  SCV  
  15  1:21  Refinery  
  15  1:22  SCV  
  16  1:30  Reaper  
  17  1:37  Orbital Command  
  17  1:48  Reaper  
  18  2:02  Reaper  
  18  2:03  Supply Depot  
  19  2:29  Reaper  
  19  2:31  Bunker  
  19  2:37  Reaper  
  20  2:48  SCV  
  20  3:01  Reaper  
  20  3:09  Reaper  
  18  3:25  Barracks  
  18  3:26  Engineering Bay  
  18  3:33  Reaper  
  19  3:41  Reaper  

Tags
 
Add a new tag
Caveats
  • Supply blocks, unpowered buildings, or Contaminate may cause inaccurate times.
  • Supply counts are checked every 10 seconds.